General information
- name: BNet
- type: Ladder team game (AT/RT)
- host: Battle.net
- saver: Momoiro_Omnio
map: Deadlands
- players: 8
- length: 14:03
- speed: Fast
- version: 1.26 W3XP
- replay type: Public
» download(94 KB)
Players
team 1 (loser)
spiritwalker (
pink | 36 APM | 430 actions | 11:50)
3 Archmage
1 Summon Water Elemental
2 Blizzard
» actions
| Assign group hotkey | 7 | |
| Build / train | 35 | |
| ESC pressed | 2 | |
| Enter build submenu | 14 | |
| Enter hero's abilities submenu | 3 | |
| Right click | 137 | |
| Select / deselect | 132 | |
| Select group hotkey | 68 | |
| Use ability | 32 | |
430 total
» units
| Peasant | 19 | |
| Footman | 5 | |
| Rifleman | 4 | |
28 total
» buildings
| Altar of Kings | 1 | |
| Farm | 5 | |
| Barracks | 2 | |
| Blacksmith | 1 | |
| Arcane Vault | 1 | |
| Scout Tower | 4 | |
| Arcane Tower | 1 | |
15 total
» build order
00:07 Altar of Kings
00:10 Farm
00:16 Barracks
00:46 Farm
01:28 Farm
02:11 Farm
02:52 Blacksmith
03:08 Arcane Vault
03:40 Farm
04:07 Barracks
09:15 Scout Tower
09:19 Scout Tower
09:22 Scout Tower
09:32 Scout Tower
09:54 Arcane Tower
» items
| Potion of Mana | 1 | |
| Potion of Healing | 1 | |
2 total
Goldminerapist (
blue | 46 APM | 644 actions | 13:59)
2 Blademaster
1 Wind Walk
1 Critical Strike
» actions
| Assign group hotkey | 2 | |
| Build / train | 40 | |
| Enter build submenu | 30 | |
| Enter hero's abilities submenu | 3 | |
| Remove unit from queue | 7 | |
| Right click | 276 | |
| Select / deselect | 171 | |
| Use ability | 115 | |
644 total
» units
» buildings
| War Mill | 1 | |
| Watch Tower | 18 | |
| Orc Burrow | 2 | |
| Altar of Storms | 3 | |
| Voodoo Lounge | 2 | |
| Stronghold | 1 | |
27 total
» build order
00:09 War Mill
01:35 Watch Tower
01:43 Watch Tower
01:44 Watch Tower
01:58 Orc Burrow
02:14 Watch Tower
02:20 Watch Tower
03:21 Altar of Storms
03:33 Watch Tower
03:41 Watch Tower
04:13 Watch Tower
04:17 Watch Tower
05:09 Altar of Storms
05:15 Altar of Storms
06:40 Voodoo Lounge
06:53 Watch Tower
06:55 Watch Tower
06:58 Watch Tower
08:50 Watch Tower
08:51 Watch Tower
08:51 Watch Tower
08:57 Orc Burrow
08:59 Stronghold
09:13 Voodoo Lounge
11:37 Watch Tower
11:39 Watch Tower
11:40 Watch Tower
» items
| Potion of Healing | 3 | |
| Potion of Mana | 3 | |
| Lesser Clarity Potion | 5 | |
| Circlet of Nobility | 1 | |
| Potion of Lesser Invulnerability | 1 | |
| Scroll of Regeneration | 1 | |
| Scroll of Town Portal | 1 | |
| Scroll of Speed | 1 | |
16 total
Bounty_Shabba (
purple | 38 APM | 485 actions | 12:50)
1 Archmage
1 Summon Water Elemental
1 Blood Mage
1 Flame Strike
» actions
| Assign group hotkey | 14 | |
| Basic commands | 11 | |
| Build / train | 34 | |
| ESC pressed | 1 | |
| Enter build submenu | 22 | |
| Enter hero's abilities submenu | 2 | |
| Right click | 118 | |
| Select / deselect | 136 | |
| Select group hotkey | 119 | |
| Use ability | 28 | |
485 total
» units
| Peasant | 9 | |
| Mortar Team | 9 | |
| Sorceress | 4 | |
22 total
» upgrades
| Gunpowder | 1 | |
| Lumber Harvesting | 1 | |
2 total
» buildings
| Farm | 7 | |
| Altar of Kings | 1 | |
| Lumber Mill | 1 | |
| Arcane Vault | 1 | |
| Keep | 1 | |
| Blacksmith | 1 | |
| Barracks | 1 | |
| Scout Tower | 4 | |
| Guard Tower | 4 | |
| Workshop | 3 | |
| Arcane Sanctum | 1 | |
25 total
» build order
00:26 Farm
00:43 Altar of Kings
01:09 Lumber Mill
01:57 Arcane Vault
02:36 Keep
02:47 Blacksmith
03:02 Farm
03:41 Barracks
03:55 Scout Tower
04:17 Scout Tower
04:21 Scout Tower
04:35 Scout Tower
04:51 Farm
04:54 Guard Tower
05:12 Guard Tower
05:20 Workshop
05:23 Guard Tower
06:19 Workshop
06:27 Guard Tower
06:35 Workshop
06:58 Arcane Sanctum
07:24 Farm
08:25 Farm
09:05 Farm
09:43 Farm
» items

»
doo-doo-butter (
teal | 62 APM | 772 actions | 12:21)
3 Mountain King
2 Storm Bolt
1 Bash
1 Paladin
1 Holy Light
» actions
| Assign group hotkey | 14 | |
| Basic commands | 7 | |
| Build / train | 43 | |
| Enter build submenu | 27 | |
| Enter hero's abilities submenu | 4 | |
| Remove unit from queue | 4 | |
| Right click | 309 | |
| Select / deselect | 147 | |
| Select group hotkey | 160 | |
| Use ability | 57 | |
772 total
» units
» upgrades
» buildings
| Barracks | 2 | |
| Farm | 5 | |
| Altar of Kings | 1 | |
| Arcane Vault | 1 | |
| Keep | 1 | |
| Lumber Mill | 1 | |
| Blacksmith | 1 | |
| Town Hall | 1 | |
| Castle | 1 | |
| Workshop | 3 | |
| Gryphon Aviary | 2 | |
| Scout Tower | 8 | |
| Guard Tower | 1 | |
28 total
» build order
00:10 Barracks
00:12 Farm
00:21 Altar of Kings
01:05 Farm
01:51 Farm
02:33 Arcane Vault
02:53 Farm
03:20 Keep
04:23 Barracks
04:50 Lumber Mill
04:53 Farm
06:24 Blacksmith
07:17 Town Hall
07:58 Castle
08:05 Workshop
10:23 Workshop
10:25 Workshop
10:46 Gryphon Aviary
10:47 Gryphon Aviary
10:56 Scout Tower
10:57 Scout Tower
11:54 Guard Tower
11:57 Scout Tower
11:59 Scout Tower
12:06 Scout Tower
12:07 Scout Tower
12:10 Scout Tower
12:11 Scout Tower
» items
| Scroll of Regeneration | 2 | |
| Ivory Tower | 3 | |
| Lesser Clarity Potion | 1 | |
6 total
team 2 (winner)
Momoiro_Omnio (
orange | 73 APM | 1028 actions | 14:03)
4 Shadow Hunter
2 Serpent Ward
2 Hex
» actions
| Basic commands | 24 | |
| Build / train | 40 | |
| ESC pressed | 4 | |
| Enter build submenu | 10 | |
| Enter hero's abilities submenu | 4 | |
| Right click | 767 | |
| Select / deselect | 139 | |
| Use ability | 40 | |
1028 total
» units
| Peon | 8 | |
| Grunt | 7 | |
| Troll Headhunter/Berserker | 4 | |
| Troll Batrider | 2 | |
21 total
» upgrades
| Armor | 2 | |
| Ranged Weapons | 2 | |
| Troll Regeneration | 1 | |
5 total
» buildings
| Altar of Storms | 1 | |
| Barracks | 2 | |
| Orc Burrow | 4 | |
| War Mill | 1 | |
| Voodoo Lounge | 1 | |
| Stronghold | 1 | |
| Beastiary | 3 | |
| Fortress | 1 | |
14 total
» build order
00:07 Altar of Storms
00:12 Barracks
00:20 Barracks
00:23 Orc Burrow
01:57 War Mill
03:20 Orc Burrow
03:39 Orc Burrow
03:48 Voodoo Lounge
06:22 Stronghold
09:12 Beastiary
09:13 Beastiary
09:15 Beastiary
09:29 Fortress
11:37 Orc Burrow
» items
| Healing Salve | 1 | |
| Lesser Clarity Potion | 1 | |
| Scroll of Speed | 1 | |
| Scroll of Town Portal | 2 | |
| Boots of Speed | 1 | |
| Scroll of Healing | 1 | |
7 total

»
CoorsLight (
green | 103 APM | 1446 actions | 13:59)
4 Tauren Chieftain
2 Endurance Aura
2 War Stomp
» actions
| Assign group hotkey | 294 | |
| Basic commands | 1 | |
| Build / train | 44 | |
| ESC pressed | 1 | |
| Enter build submenu | 15 | |
| Enter hero's abilities submenu | 4 | |
| Right click | 760 | |
| Select / deselect | 154 | |
| Select group hotkey | 141 | |
| Use ability | 32 | |
1446 total
» units
| Peon | 9 | |
| Troll Headhunter/Berserker | 10 | |
| Shaman | 2 | |
| Troll Witch Doctor | 2 | |
23 total
» upgrades
| Ranged Weapons | 3 | |
| Armor | 1 | |
| Troll Regeneration | 1 | |
| Shaman Training | 2 | |
| Berserker Upgrade | 1 | |
| Witch Doctor Training | 2 | |
10 total
» buildings
| Orc Burrow | 4 | |
| Altar of Storms | 1 | |
| War Mill | 1 | |
| Barracks | 2 | |
| Voodoo Lounge | 1 | |
| Stronghold | 1 | |
| Fortress | 1 | |
| Spirit Lodge | 2 | |
| Great Hall | 1 | |
| Watch Tower | 2 | |
16 total
» build order
00:37 Orc Burrow
01:20 Altar of Storms
01:31 War Mill
01:35 Barracks
02:02 Orc Burrow
02:27 Barracks
03:19 Orc Burrow
04:46 Voodoo Lounge
05:45 Stronghold
06:32 Orc Burrow
08:08 Fortress
08:09 Spirit Lodge
08:51 Spirit Lodge
12:27 Great Hall
13:48 Watch Tower
13:49 Watch Tower
» items
| Healing Salve | 2 | |
| Scroll of Speed | 1 | |
3 total

»
follyfoolofTook (
red | 38 APM | 532 actions | 13:59)
3 Archmage
2 Blizzard
1 Summon Water Elemental
3 Mountain King
2 Storm Bolt
1 Thunder Clap
» actions
| Build / train | 48 | |
| Enter build submenu | 17 | |
| Enter hero's abilities submenu | 7 | |
| Give item / drop item | 1 | |
| Remove unit from queue | 2 | |
| Right click | 244 | |
| Select / deselect | 176 | |
| Use ability | 37 | |
532 total
» units
| Peasant | 11 | |
| Footman | 6 | |
| Rifleman | 9 | |
| Mortar Team | 3 | |
29 total
» upgrades
| Gunpowder | 2 | |
| Masonry | 1 | |
| Lumber Harvesting | 1 | |
| Armor | 1 | |
5 total
» buildings
| Altar of Kings | 1 | |
| Barracks | 1 | |
| Farm | 8 | |
| Lumber Mill | 1 | |
| Keep | 1 | |
| Blacksmith | 1 | |
| Arcane Vault | 1 | |
| Castle | 1 | |
| Town Hall | 1 | |
| Scout Tower | 1 | |
| Workshop | 1 | |
| Cannon Tower | 0 | |
| Guard Tower | 1 | |
19 total
» build order
00:07 Altar of Kings
00:12 Barracks
00:18 Farm
00:35 Lumber Mill
01:26 Farm
02:29 Farm
03:20 Farm
03:47 Keep
04:06 Blacksmith
05:55 Farm
06:00 Farm
07:10 Arcane Vault
08:43 Castle
08:52 Town Hall
09:02 Scout Tower
10:01 Workshop
12:39 Cannon Tower
12:41 Guard Tower
12:55 Farm
13:55 Farm

»
MrNeven (
yellow | 35 APM | 488 actions | 13:59)
3 Archmage
2 Blizzard
1 Brilliance Aura
» actions
| Assign group hotkey | 21 | |
| Basic commands | 9 | |
| Build / train | 38 | |
| Enter build submenu | 23 | |
| Enter hero's abilities submenu | 3 | |
| Give item / drop item | 1 | |
| Remove unit from queue | 1 | |
| Right click | 146 | |
| Select / deselect | 131 | |
| Select group hotkey | 83 | |
| Use ability | 32 | |
488 total
» units
| Peasant | 8 | |
| Footman | 10 | |
| Dragonhawk Rider | 1 | |
| Rifleman | 1 | |
| Priest | 2 | |
| Knight | 1 | |
23 total
» upgrades
| Long Rifles | 1 | |
| Cloud | 1 | |
| Priest Training | 1 | |
3 total
» buildings
| Altar of Kings | 1 | |
| Barracks | 1 | |
| Farm | 8 | |
| Lumber Mill | 1 | |
| Arcane Vault | 1 | |
| Keep | 1 | |
| Scout Tower | 2 | |
| Guard Tower | 2 | |
| Castle | 1 | |
| Blacksmith | 1 | |
| Gryphon Aviary | 1 | |
| Arcane Sanctum | 1 | |
| Workshop | 1 | |
22 total
» build order
00:14 Altar of Kings
00:21 Barracks
00:34 Farm
00:51 Lumber Mill
01:32 Farm
01:55 Arcane Vault
03:45 Farm
06:56 Keep
07:15 Farm
08:28 Scout Tower
08:37 Farm
09:13 Scout Tower
09:15 Guard Tower
09:21 Castle
09:27 Blacksmith
09:47 Gryphon Aviary
09:54 Arcane Sanctum
11:28 Guard Tower
11:40 Workshop
11:45 Farm
11:49 Farm
12:48 Farm
» items
| Potion of Healing | 1 | |
| Scroll of Town Portal | 1 | |
2 total
Chat log
(00:41 / Allies) Momoiro_Omnio: rush or cc?
(01:07 / Allies) Momoiro_Omnio: well?
(01:11 / Allies) Momoiro_Omnio: rush anyone?
(01:17 / Allies) MrNeven: k
(01:22 / Allies) follyfoolofTook: k
(01:22 / Allies) Momoiro_Omnio: why does people even bother playing this
(01:28 / Allies) Momoiro_Omnio: k we hit where?
(01:38 / Allies) MrNeven: ?
(01:53 / Allies) Momoiro_Omnio: I getting tower rushed...
(02:57 / Allies) CoorsLight: wow...
(03:09 / Allies) Momoiro_Omnio: counter
(03:09 / Allies) Momoiro_Omnio: NOW
(03:27 / Allies) Momoiro_Omnio: we got to retaliate
(03:31 / Allies) Momoiro_Omnio: while we can
(04:21 / Allies) Momoiro_Omnio: kill altar
(05:41 / Allies) Momoiro_Omnio: back...
(05:54 / Allies) Momoiro_Omnio: we crippled them
(05:57 / Allies) Momoiro_Omnio: hit again asap
(07:00 / Allies) CoorsLight: FAST
(07:31 / Allies) CoorsLight: back a bite
(07:32 / Allies) CoorsLight: comins
(07:48 / All) doo-doo-butter: fuck u
(09:18 / Allies) Momoiro_Omnio: seriously
(09:21 / Allies) Momoiro_Omnio: what the heck?
(10:18 / Allies) CoorsLight: GET PURP
(10:20 / All) spiritwalker: shit blue noob
(10:23 / All) spiritwalker: u suck idiot
(10:42 / All) doo-doo-butter: ERRYBODY HATIN ON THE MK
(11:13 / All) doo-doo-butter: u guys juust cant seal the deal ay
(11:29 / All) spiritwalker: shit fokijng noob team
(11:40 / All) spiritwalker: really i hate u foking noobs
(11:52 / All) Momoiro_Omnio: green hacked
(11:55 / All) Momoiro_Omnio: dont forget that
(12:01 / All) doo-doo-butter: did he
(12:03 / All) Momoiro_Omnio: that's how I saw teal
(12:09 / All) Momoiro_Omnio: that's how teal got ambushed
(12:10 / All) CoorsLight: NO
(12:14 / All) CoorsLight: U GUYS JUST NOOB
(12:14 / All) Momoiro_Omnio: i didn't knew he was there
(12:17 / All) doo-doo-butter: whoever hacks in warcraft really has no life lol
(12:19 / All) Momoiro_Omnio: he kept pining at you
(12:34 / Allies) CoorsLight: why the fuck
(12:38 / Allies) CoorsLight: u said i hack?
(12:49 / Allies) Momoiro_Omnio: cuz that's the truth
(12:51 / Allies) Momoiro_Omnio: thats why
(13:06 / Allies) Momoiro_Omnio: and now green backstabs
(13:07 / Allies) CoorsLight: fagg
(13:33 / All) Goldminerapist: playing at work half afk ftw
(13:35 / All) CoorsLight: lol blue
(13:52 / All) Goldminerapist: i win irl.. $79 /hr playing on a 5k laptop.. driving home in a n m3 slammed on HREs..
(13:55 / All) Goldminerapist: lol @ you